Flyers vs Lightning
Created - December 4, 2022 at 00:46
Goals
|
| Flyers |
1 |
4 |
0 |
0 |
5 |
| Lightning |
2 |
1 |
2 |
1 |
6 |
|
Shots
|
| Flyers |
17 |
9 |
9 |
0 |
35 |
| Lightning |
7 |
15 |
9 |
1 |
32 |
|
1st period
1. Flyers , J.T. Miller 4 (Jordan Nolan 13) at 3:29
2. Lightning , Victor Hedman 1 (Sam Bennett 1) at 13:44 (SH)
3. Lightning , Max Pacioretty 8 (Mark Scheifele 15) at 13:59 (SH)
Penalties :
Travis Konecny (Phi) for Holding (Minor) at 9:19, Brent Seabrook (T.B) for Roughing (Minor) at 12:36
2nd period
4. Flyers , Nathan Beaulieu 1 (Jacob Trouba 5) at 4:56 (PP)
5. Flyers , Marcus Kruger 4 (Jacob Trouba 6, Brock Nelson 2) at 10:56
6. Flyers , Chris Mcallister 3 (Travis Zajac 2, Marcus Kruger 5) at 13:02
7. Lightning , Brendan Lemieux 7 (Yanni Gourde 6, Brock Boeser 4) at 19:16
8. Flyers , Jordan Nolan 4 (J.T. Miller 10, Jakub Voracek 4) at 19:40
Penalties :
Jimmy Vesey (T.B) for Hooking (Minor) at 4:15
3rd period
9. Lightning , John Carlson 2 (Kasperi Kapanen 6) at 5:36 (PP)
10. Lightning , Brock Boeser 2 (Yanni Gourde 7, Brendan Lemieux 6) at 17:52
Penalties :
Ondrej Palat (T.B) for Interference (Minor) at 2:31, Travis Zajac (Phi) for Holding (Minor) at 5:02, Max Pacioretty (T.B) for Hooking (Minor) at 6:41, Max Pacioretty (T.B) for Hooking (Minor) at 13:13
Overtime #1
11. Lightning , Kasperi Kapanen 7 (John Carlson 16, Mark Scheifele 16) at 1:38
Penalties :
No Penalty
Goalie Stats
Steve Mason (Phi), 26 saves from 32 shots - (0.813), OTL, 5-3-2, 61:38 minutes
Alex Nedeljkovic (T.B), 30 saves from 35 shots - (0.857), W, 8-3-1, 61:38 minutes
Players Stats for Flyers
Player Name G A P +/- PIM S H SB GA TA FO MP PP MP PK MP
------------------------------------------------------------------------------------
Brian Lashoff 0 0 0 -1 0 3 0 1 1 0 0/0 11:44 0:00 1:04
Brock Nelson 0 1 1 -1 0 0 2 1 1 0 1/1 10:53 0:00 0:23
Calle Jarnkrok 0 0 0 0 0 1 0 1 0 0 3/8 11:29 0:09 0:57
Chris Mcallister 1 0 1 1 0 3 1 0 0 2 0/0 9:40 0:00 1:31
Drew Miller 0 0 0 -2 0 1 0 2 1 0 0/0 17:46 3:04 0:39
Ivan Provorov 0 0 0 2 0 2 1 4 0 0 0/0 15:53 0:00 0:13
J.T. Miller 1 1 2 1 0 5 2 0 0 0 0/0 23:02 5:33 0:00
Jacob Trouba 0 2 2 1 0 3 2 1 0 1 0/0 25:46 5:15 0:17
Jakub Voracek 0 1 1 1 0 2 0 0 1 2 1/4 22:55 5:33 0:00
Jeff Carter 0 0 0 -3 0 1 2 2 0 0 5/20 18:13 3:04 0:39
Jonathan Ericsson 0 0 0 0 0 0 0 2 1 3 0/0 27:13 3:22 2:03
Jordan Nolan 1 1 2 1 0 5 2 0 1 0 13/35 22:50 5:24 0:00
Marcus Kruger 1 1 2 -1 0 2 1 1 0 0 0/0 13:17 3:04 0:00
Matt Smaby 0 0 0 -1 0 0 1 0 0 1 0/0 25:07 3:22 1:29
Nathan Beaulieu 1 0 1 -3 0 2 0 0 0 1 0/0 17:33 5:15 0:00
Niclas Bergfors 0 0 0 1 0 0 1 0 0 0 0/0 8:09 0:00 0:00
Travis Konecny 0 0 0 -1 2 2 2 0 1 0 0/0 13:22 0:00 0:00
Travis Zajac 0 1 1 1 2 3 2 0 1 0 3/4 9:05 0:00 0:57
Players Stats for Lightning
Player Name G A P +/- PIM S H SB GA TA FO MP PP MP PK MP
------------------------------------------------------------------------------------
Antoine Vermette 0 0 0 -1 0 2 0 0 0 0 3/5 8:42 0:00 0:34
Brendan Lemieux 1 1 2 2 0 1 3 1 0 0 1/1 15:46 0:56 1:58
Brent Seabrook 0 0 0 1 2 0 2 0 0 2 0/0 24:23 0:39 4:33
Brock Boeser 1 1 2 1 0 1 1 0 1 0 0/0 14:03 0:56 0:00
Jesper Fast 0 0 0 0 0 2 1 0 0 1 0/0 11:25 0:00 2:42
Jimmy Vesey 0 0 0 0 2 2 0 0 2 0 0/0 10:30 0:00 0:33
Jiri Fischer 0 0 0 0 0 2 1 1 1 2 0/0 20:48 0:39 3:41
John Carlson 1 1 2 3 0 3 2 0 1 1 0/0 31:44 1:54 6:20
Jonathan Sigalet 0 0 0 -1 0 0 0 0 0 0 0/0 11:15 0:32 0:00
Kasperi Kapanen 1 1 2 -1 0 2 0 1 1 0 0/1 18:56 1:36 0:00
Mark Scheifele 0 2 2 -1 0 3 2 0 2 1 28/44 25:28 1:37 5:36
Max Pacioretty 1 0 1 -1 4 4 1 2 1 1 0/0 22:48 1:36 3:05
Nikita Tryamkin 0 0 0 -1 0 1 1 0 1 0 0/0 11:06 0:00 0:23
Ondrej Palat 0 0 0 -1 2 2 1 0 0 0 0/0 8:50 0:01 0:00
Sam Bennett 0 1 1 0 0 1 0 0 0 0 5/7 11:21 0:00 1:23
Tyler Kennedy 0 0 0 0 0 2 1 0 0 0 1/2 12:18 0:01 1:23
Victor Hedman 1 0 1 0 0 1 2 0 0 0 0/0 23:59 1:22 2:17
Yanni Gourde 0 2 2 2 0 3 0 0 0 0 8/12 14:28 0:56 0:00
3 Stars
1 - John Carlson (T.B)
2 - Brendan Lemieux (T.B)
3 - Brock Boeser (T.B)
Power Play
Flyers - 1 on 5 Attempt(s) - 20.00%
Lightning - 1 on 2 Attempt(s) - 50.00%
Penalty Kill
Flyers - 1 on 2 Attempt(s) - 50.00%
- Score 0 goal in Penalty Kill
Lightning - 4 on 5 Attempt(s) - 80.00%
- Score 2 goal in Penalty Kill
Team Stat
Flyers - Hits : 19 - Faceoff Wins : 26 - Blocked Shots : 15 - Penalty Minutes : 4
Lightning - Hits : 18 - Faceoff Wins : 46 - Blocked Shots : 5 - Penalty Minutes : 10
Official
Referees : Kyle Rehman and Kevin Pollock
Linesman : Matt MacPherson and Ryan Galloway
Game Notes
No Game Note
Finance
Level 1 -- Attendance: 5973 (99.55%) -- Ticket Income $597,300
Level 2 -- Attendance: 4557 (91.14%) -- Ticket Income $273,420
Level 3 -- Attendance: 2000 (100.00%) -- Ticket Income $70,000
Level 4 -- Attendance: 4000 (100.00%) -- Ticket Income $100,000
Luxury Box -- Attendance: 934 (93.40%) -- Ticket Income $186,800
Game was played at the Amalie Arena.
Total Attendance: 17464 (97.02%)
Total Ticket Income: $1,227,520
Other Income: $184,128
Total Income: $1,411,648
Flyers
5 vs 5 Forward
Center Left Wing Right Wing Time % Phy DF OF
1 Jordan Nolan J.T. Miller Jakub Voracek 40 0 1 4
2 Jeff Carter Drew Miller Travis Konecny 30 0 1 4
3 Calle Jarnkrok Brock Nelson Marcus Kruger 20 1 1 3
4 Travis Zajac Chris Mcallister Niclas Bergfors 10 1 3 1
5 vs 5 Defense
Defense Defense Time % Phy DF OF
1 Matt Smaby Jonathan Ericsson 40 1 2 2
2 Ivan Provorov Jacob Trouba 30 1 2 2
3 Nathan Beaulieu Brian Lashoff 20 1 3 1
4 Jacob Trouba Jonathan Ericsson 10 0 2 3
PowerPlay Forward
Center Left Wing Right Wing Time % Phy DF OF
1 Jordan Nolan J.T. Miller Jakub Voracek 60 0 1 4
2 Jeff Carter Drew Miller Marcus Kruger 40 0 1 4
PowerPlay Defense
Defense Defense Time % Phy DF OF
1 Jacob Trouba Nathan Beaulieu 60 0 2 3
2 Jonathan Ericsson Matt Smaby 40 0 2 3
Penalty Kill 4 Players Forward
Center Wing Time % Phy DF OF
1 Travis Zajac Chris Mcallister 60 1 3 1
2 Jeff Carter Drew Miller 40 1 3 1
Penalty Kill 4 Players Defense
Defense Defense Time % Phy DF OF
1 Jacob Trouba Brian Lashoff 60 1 4 0
2 Jonathan Ericsson Matt Smaby 40 1 4 0
Penalty Kill - 3 Players Forward
Forward Time % Phy DF OF
1 Travis Zajac 60 1 4 0
2 Jeff Carter 40 1 4 0
Penalty Kill - 3 Players Defense
Defense Defense Time % Phy DF OF
1 Jacob Trouba Brian Lashoff 60 1 4 0
2 Matt Smaby Jonathan Ericsson 40 1 4 0
4 vs 4 Forward
Center Wing Time % Phy DF OF
1 Jordan Nolan J.T. Miller 60 1 2 2
2 Jeff Carter Jakub Voracek 40 1 2 2
4 vs 4 Defense
Defense Defense Time % Phy DF OF
1 Jacob Trouba Nathan Beaulieu 60 1 2 2
2 Matt Smaby Jonathan Ericsson 40 1 2 2
Last Minutes Offensive
Center Left Wing Right Wing Defense Defense
Jordan Nolan J.T. Miller Jakub Voracek Jacob Trouba Jonathan Ericsson
Last Minutes Defensive
Center Left Wing Right Wing Defense Defense
Travis Zajac Chris Mcallister Niclas Bergfors Jacob Trouba Matt Smaby
Goaltenders
Starting : Steve Mason
Backup : Ilya Sorokin
Extra Forwards
Normal : Jordan Nolan, Jeff Carter, J.T. Miller - PP : Jordan Nolan, Jeff Carter - PK : Travis Zajac
Extra Defensemen
Normal : Jacob Trouba, Jonathan Ericsson, Matt Smaby - PP : Jacob Trouba - PK : Jonathan Ericsson, Matt Smaby
Penalty Shots
Jordan Nolan, Jakub Voracek, Jeff Carter, Marcus Kruger, Travis Zajac
Scratches
Tomas Kubalik (Healthy)
Lightning
5 vs 5 Forward
Center Left Wing Right Wing Time % Phy DF OF
1 Mark Scheifele Max Pacioretty Kasperi Kapanen 40 1 2 2
2 Yanni Gourde Brendan Lemieux Brock Boeser 30 1 2 2
3 Sam Bennett Jimmy Vesey Tyler Kennedy 20 1 2 2
4 Antoine Vermette Ondrej Palat Jesper Fast 10 1 2 2
5 vs 5 Defense
Defense Defense Time % Phy DF OF
1 John Carlson Brent Seabrook 40 1 2 2
2 Jiri Fischer Victor Hedman 30 1 2 2
3 Jonathan Sigalet Nikita Tryamkin 20 1 2 2
4 John Carlson Victor Hedman 10 1 2 2
PowerPlay Forward
Center Left Wing Right Wing Time % Phy DF OF
1 Mark Scheifele Max Pacioretty Kasperi Kapanen 60 1 2 2
2 Yanni Gourde Brendan Lemieux Brock Boeser 40 1 1 3
PowerPlay Defense
Defense Defense Time % Phy DF OF
1 John Carlson Victor Hedman 60 1 2 2
2 Jiri Fischer Brent Seabrook 40 1 2 2
Penalty Kill 4 Players Forward
Center Wing Time % Phy DF OF
1 Mark Scheifele Max Pacioretty 60 1 2 2
2 Sam Bennett Tyler Kennedy 40 1 2 2
Penalty Kill 4 Players Defense
Defense Defense Time % Phy DF OF
1 John Carlson Brent Seabrook 60 1 2 2
2 Jiri Fischer Victor Hedman 40 1 2 2
Penalty Kill - 3 Players Forward
Forward Time % Phy DF OF
1 Mark Scheifele 60 1 2 2
2 Max Pacioretty 40 1 2 2
Penalty Kill - 3 Players Defense
Defense Defense Time % Phy DF OF
1 John Carlson Brent Seabrook 60 1 2 2
2 Jiri Fischer Victor Hedman 40 1 2 2
4 vs 4 Forward
Center Wing Time % Phy DF OF
1 Mark Scheifele Max Pacioretty 60 1 2 2
2 Yanni Gourde Kasperi Kapanen 40 1 2 2
4 vs 4 Defense
Defense Defense Time % Phy DF OF
1 John Carlson Victor Hedman 60 1 2 2
2 Jiri Fischer Brent Seabrook 40 1 2 2
Last Minutes Offensive
Center Left Wing Right Wing Defense Defense
Mark Scheifele Max Pacioretty Kasperi Kapanen John Carlson Victor Hedman
Last Minutes Defensive
Center Left Wing Right Wing Defense Defense
Mark Scheifele Max Pacioretty Tyler Kennedy John Carlson Brent Seabrook
Goaltenders
Starting : Alex Nedeljkovic
Backup : Jimmy Howard
Extra Forwards
Normal : Tyler Kennedy, Ondrej Palat, Jesper Fast - PP : Tyler Kennedy, Ondrej Palat - PK : Jesper Fast
Extra Defensemen
Normal : Jonathan Sigalet, Nikita Tryamkin, Jiri Fischer - PP : Jonathan Sigalet - PK : Jiri Fischer, Nikita Tryamkin
Penalty Shots
Mark Scheifele, Max Pacioretty, Yanni Gourde, Tyler Kennedy, Jimmy Vesey
Scratches
Alex Killorn (Healthy), Dave Bolland (Healthy), Scott Mayfield (Healthy), Shayne Gostisbehere (Healthy)
% Time on Ice - Flyers
Lines # - Real PCT - Wanted PCT - Time Play
Normal Forward
1 - 33% - 40% - 16:15
2 - 29% - 30% - 14:03
3 - 21% - 20% - 10:23
4 - 17% - 10% - 8:09
Normal Defense
1 - 42% - 40% - 20:21
2 - 33% - 30% - 16:02
3 - 21% - 20% - 10:13
4 - 5% - 10% - 2:14
PP Forward
1 - 64% - 60% - 5:33
2 - 36% - 40% - 3:04
PP Defense
1 - 61% - 60% - 5:15
2 - 39% - 40% - 3:22
PK Forward
1 - 75% - 60% - 1:54
2 - 25% - 40% - 0:39
PK Defense
1 - 53% - 60% - 1:21
2 - 47% - 40% - 1:12
PK3 Forward
1 - 0% - 60%
2 - 0% - 40%
PK3 Defense
1 - 0% - 60%
2 - 0% - 40%
44 Forward
1 - 83% - 60% - 1:21
2 - 17% - 40% - 0:17
44 Defense
1 - 68% - 60% - 1:07
2 - 32% - 40% - 0:31
Last Minute Offensive - 0:00
Last Minute Defensive - 0:00
Total
Forward - 61:38
Defense - 61:38
|
% Time on Ice - Lightning
Lines # - Real PCT - Wanted PCT - Time Play
Normal Forward
1 - 35% - 40% - 17:18
2 - 28% - 30% - 13:27
3 - 20% - 20% - 9:57
4 - 17% - 10% - 8:08
Normal Defense
1 - 39% - 40% - 19:13
2 - 33% - 30% - 16:03
3 - 22% - 20% - 10:43
4 - 6% - 10% - 2:51
PP Forward
1 - 63% - 60% - 1:37
2 - 37% - 40% - 0:56
PP Defense
1 - 75% - 60% - 1:54
2 - 25% - 40% - 0:39
PK Forward
1 - 84% - 60% - 7:14
2 - 16% - 40% - 1:23
PK Defense
1 - 74% - 60% - 6:20
2 - 26% - 40% - 2:17
PK3 Forward
1 - 0% - 60%
2 - 0% - 40%
PK3 Defense
1 - 0% - 60%
2 - 0% - 40%
44 Forward
1 - 74% - 60% - 1:13
2 - 26% - 40% - 0:25
44 Defense
1 - 88% - 60% - 1:26
2 - 12% - 40% - 0:12
Last Minute Offensive - 0:00
Last Minute Defensive - 0:00
Total
Forward - 61:38
Defense - 61:38
|
Play-by-Play
1st period
0:01 of 1st period - Mark Scheifele wins face-off versus Jordan Nolan in neutral zone.
1:10 of 1st period - Snap shot by Tyler Kennedy.
1:10 of 1st period - Stopped by Steve Mason with a rebound.
1:12 of 1st period - Snap shot by Antoine Vermette.
1:12 of 1st period - Stopped by Steve Mason without a rebound.
1:13 of 1st period - Travis Zajac wins face-off versus Antoine Vermette in Flyers zone.
1:36 of 1st period - Snap shot by Niclas Bergfors.
1:36 of 1st period - Shot Misses the Net.
1:48 of 1st period - Snap shot by Travis Zajac.
1:48 of 1st period - Stopped by Alex Nedeljkovic with a rebound.
1:50 of 1st period - Snap shot by Chris Mcallister.
1:50 of 1st period - Shot Misses the Net.
1:52 of 1st period - Wrist shot by Jacob Trouba.
1:52 of 1st period - Stopped by Alex Nedeljkovic with a rebound.
2:18 of 1st period - Wrist shot by Max Pacioretty.
2:18 of 1st period - Shot Misses the Net.
3:03 of 1st period - Max Pacioretty is hit by Ivan Provorov and loses puck.
3:18 of 1st period - Wrist shot by Travis Zajac.
3:18 of 1st period - Shot Hit the Post.
3:23 of 1st period - Icing by Victor Hedman.
3:24 of 1st period - Jordan Nolan wins face-off versus Mark Scheifele in Lightning zone.
3:29 of 1st period - Slapshot by J.T. Miller.
3:29 of 1st period - Goal by J.T. Miller - Flyers : 1 - Lightning : 0.
3:30 of 1st period - Yanni Gourde wins face-off versus Jordan Nolan in neutral zone.
3:33 of 1st period - Wrist shot by Brock Boeser.
3:33 of 1st period - Shot Misses the Net.
4:00 of 1st period - Slapshot by Jacob Trouba.
4:00 of 1st period - Shot Misses the Net.
4:35 of 1st period - Jakub Voracek is hit by Brent Seabrook and loses puck.
6:27 of 1st period - Marcus Kruger is hit by John Carlson.
7:00 of 1st period - Icing by Travis Konecny.
7:01 of 1st period - Sam Bennett wins face-off versus Jeff Carter in Flyers zone.
7:26 of 1st period - Jakub Voracek is hit by Brendan Lemieux and loses puck.
7:31 of 1st period - Snap shot by Yanni Gourde.
7:31 of 1st period - Stopped by Steve Mason with a rebound.
7:49 of 1st period - Snap shot by Marcus Kruger.
7:49 of 1st period - Stopped by Alex Nedeljkovic with a rebound.
7:51 of 1st period - Snap shot by Calle Jarnkrok.
7:51 of 1st period - Shot Misses the Net.
8:35 of 1st period - Jacob Trouba is hit by Tyler Kennedy and loses puck.
9:19 of 1st period - Minor Penalty to Travis Konecny for Holding.
9:20 of 1st period - Travis Zajac wins face-off versus Mark Scheifele in Flyers zone.
10:30 of 1st period - Brent Seabrook is hit by Chris Mcallister and loses puck.
11:19 of 1st period - Penalty to Travis Konecny is over, Travis Konecny is back on ice.
11:21 of 1st period - Wrist shot by Mark Scheifele.
11:21 of 1st period - Stopped by Steve Mason with a rebound.
11:52 of 1st period - Icing by Jonathan Sigalet.
11:53 of 1st period - Tyler Kennedy wins face-off versus Calle Jarnkrok in Lightning zone.
12:02 of 1st period - Marcus Kruger is hit by Nikita Tryamkin and loses puck.
12:19 of 1st period - Brent Seabrook is hit by Matt Smaby and loses puck.
12:36 of 1st period - Minor Penalty to Brent Seabrook for Roughing.
12:37 of 1st period - Jordan Nolan wins face-off versus Mark Scheifele in Lightning zone.
12:42 of 1st period - Wrist shot by J.T. Miller.
12:42 of 1st period - Deflect By Jordan Nolan.
12:42 of 1st period - Stopped by Alex Nedeljkovic without a rebound.
12:43 of 1st period - Mark Scheifele wins face-off versus Jordan Nolan in Lightning zone.
13:44 of 1st period - Slapshot by Victor Hedman.
13:44 of 1st period - Goal by Victor Hedman - Flyers : 1 - Lightning : 1.
13:45 of 1st period - Mark Scheifele wins face-off versus Jordan Nolan in neutral zone.
13:53 of 1st period - Off-side.
13:54 of 1st period - Mark Scheifele wins face-off versus Jordan Nolan in neutral zone.
13:59 of 1st period - Backhand shot by Max Pacioretty.
13:59 of 1st period - Goal by Max Pacioretty - Flyers : 1 - Lightning : 2.
14:00 of 1st period - Jordan Nolan wins face-off versus Mark Scheifele in neutral zone.
14:05 of 1st period - Mark Scheifele is hit by Jacob Trouba.
14:09 of 1st period - Snap shot by J.T. Miller.
14:09 of 1st period - Deflect By Jordan Nolan.
14:09 of 1st period - Stopped by Alex Nedeljkovic with a rebound.
14:11 of 1st period - Snap shot by Jakub Voracek.
14:11 of 1st period - Shot Misses the Net.
14:13 of 1st period - Snap shot by Nathan Beaulieu.
14:13 of 1st period - Stopped by Alex Nedeljkovic with a rebound.
14:15 of 1st period - Snap shot by Jakub Voracek.
14:15 of 1st period - Stopped by Alex Nedeljkovic without a rebound.
14:16 of 1st period - Mark Scheifele wins face-off versus Jordan Nolan in Lightning zone.
14:36 of 1st period - Penalty to Brent Seabrook is over, Brent Seabrook is back on ice.
14:45 of 1st period - Slapshot by John Carlson.
14:45 of 1st period - Shot Misses the Net.
14:48 of 1st period - Icing by Drew Miller.
14:49 of 1st period - Jeff Carter wins face-off versus Yanni Gourde in Flyers zone.
14:54 of 1st period - Brendan Lemieux is hit by Jeff Carter and loses puck.
14:59 of 1st period - Wrist shot by Drew Miller.
14:59 of 1st period - Shot Blocked by Brendan Lemieux.
15:01 of 1st period - Backhand shot by Jacob Trouba.
15:01 of 1st period - Deflect By Jeff Carter.
15:01 of 1st period - Stopped by Alex Nedeljkovic without a rebound.
15:02 of 1st period - Jakub Voracek wins face-off versus Mark Scheifele in Lightning zone.
15:13 of 1st period - Wrist shot by J.T. Miller.
15:13 of 1st period - Shot Misses the Net.
15:15 of 1st period - Wrist shot by J.T. Miller.
15:15 of 1st period - Shot Blocked by Jiri Fischer.
15:17 of 1st period - Snap shot by J.T. Miller.
15:17 of 1st period - Stopped by Alex Nedeljkovic without a rebound.
15:18 of 1st period - Yanni Gourde wins face-off versus Jeff Carter in Lightning zone.
15:18 of 1st period - Yanni Gourde is hit by Travis Konecny.
15:32 of 1st period - Snap shot by Jeff Carter.
15:32 of 1st period - Shot Misses the Net.
15:34 of 1st period - Slapshot by Brian Lashoff.
15:34 of 1st period - Stopped by Alex Nedeljkovic without a rebound.
15:35 of 1st period - Jordan Nolan wins face-off versus Mark Scheifele in Lightning zone.
15:44 of 1st period - Snap shot by Jordan Nolan.
15:44 of 1st period - Stopped by Alex Nedeljkovic without a rebound.
15:45 of 1st period - Mark Scheifele wins face-off versus Jakub Voracek in Lightning zone.
15:45 of 1st period - Mark Scheifele is hit by J.T. Miller.
15:57 of 1st period - Slapshot by Jordan Nolan.
15:57 of 1st period - Shot Misses the Net.
16:33 of 1st period - Slapshot by Jordan Nolan.
16:33 of 1st period - Shot Misses the Net.
16:35 of 1st period - Slapshot by Jacob Trouba.
16:35 of 1st period - Stopped by Alex Nedeljkovic with a rebound.
16:37 of 1st period - Snap shot by Jakub Voracek.
16:37 of 1st period - Shot Blocked by Max Pacioretty.
16:39 of 1st period - Wrist shot by Jordan Nolan.
16:39 of 1st period - Shot Misses the Net.
16:41 of 1st period - Snap shot by Jakub Voracek.
16:41 of 1st period - Shot Misses the Net.
16:43 of 1st period - Slapshot by J.T. Miller.
16:43 of 1st period - Stopped by Alex Nedeljkovic without a rebound.
16:44 of 1st period - Yanni Gourde wins face-off versus Jeff Carter in Lightning zone.
16:51 of 1st period - Slapshot by Victor Hedman.
16:51 of 1st period - Shot Blocked by Brian Lashoff.
17:08 of 1st period - Icing by Drew Miller.
17:09 of 1st period - Calle Jarnkrok wins face-off versus Sam Bennett in Flyers zone.
17:20 of 1st period - Wrist shot by Marcus Kruger.
17:20 of 1st period - Shot Misses the Net.
17:22 of 1st period - Snap shot by Brock Nelson.
17:22 of 1st period - Shot Misses the Net.
17:24 of 1st period - Snap shot by Calle Jarnkrok.
17:24 of 1st period - Stopped by Alex Nedeljkovic without a rebound.
17:25 of 1st period - Yanni Gourde wins face-off versus Jordan Nolan in Lightning zone.
17:35 of 1st period - Wrist shot by Yanni Gourde.
17:35 of 1st period - Shot Misses the Net.
18:02 of 1st period - Slapshot by Brent Seabrook.
18:02 of 1st period - Shot Misses the Net.
18:16 of 1st period - Mark Scheifele is hit by Jeff Carter and loses puck.
18:35 of 1st period - Nathan Beaulieu is hit by Jesper Fast and loses puck.
18:55 of 1st period - Icing by Jonathan Sigalet.
18:56 of 1st period - Yanni Gourde wins face-off versus Travis Zajac in Lightning zone.
19:08 of 1st period - Wrist shot by Niclas Bergfors.
19:08 of 1st period - Deflect By Chris Mcallister.
19:08 of 1st period - Stopped by Alex Nedeljkovic with a rebound.
19:10 of 1st period - Wrist shot by Chris Mcallister.
19:10 of 1st period - Stopped by Alex Nedeljkovic without a rebound.
19:11 of 1st period - Mark Scheifele wins face-off versus Jordan Nolan in Lightning zone.
19:28 of 1st period - J.T. Miller is hit by Mark Scheifele and loses puck.
19:42 of 1st period - Icing by Yanni Gourde.
19:43 of 1st period - Yanni Gourde wins face-off versus Jeff Carter in Lightning zone.
19:58 of 1st period - Wrist shot by Yanni Gourde.
19:58 of 1st period - Stopped by Steve Mason without a rebound.
19:59 of 1st period - Mark Scheifele wins face-off versus Jordan Nolan in Flyers zone.
Goals for this period are 1 for Flyers vs 2 for Lightning.
Shots for this period are 17 for Flyers vs 7 for Lightning.
2nd period
0:01 of 2nd period - Mark Scheifele wins face-off versus Jordan Nolan in neutral zone.
0:10 of 2nd period - Kasperi Kapanen is hit by Jordan Nolan and loses puck.
0:36 of 2nd period - Snap shot by Kasperi Kapanen.
0:36 of 2nd period - Stopped by Steve Mason without a rebound.
0:37 of 2nd period - Jeff Carter wins face-off versus Yanni Gourde in Flyers zone.
0:48 of 2nd period - Wrist shot by Brendan Lemieux.
0:48 of 2nd period - Shot Blocked by Ivan Provorov.
0:50 of 2nd period - Snap shot by Brendan Lemieux.
0:50 of 2nd period - Shot Blocked by Jeff Carter.
0:52 of 2nd period - Slapshot by Nikita Tryamkin.
0:52 of 2nd period - Shot Misses the Net.
1:59 of 2nd period - Wrist shot by Max Pacioretty.
1:59 of 2nd period - Stopped by Steve Mason with a rebound.
2:59 of 2nd period - Calle Jarnkrok is hit by Mark Scheifele and loses puck.
3:54 of 2nd period - Icing by Jeff Carter.
3:55 of 2nd period - Jeff Carter wins face-off versus Sam Bennett in Flyers zone.
4:15 of 2nd period - Minor Penalty to Jimmy Vesey for Hooking.
4:16 of 2nd period - Mark Scheifele wins face-off versus Jordan Nolan in Lightning zone.
4:48 of 2nd period - Snap shot by Sam Bennett.
4:48 of 2nd period - Stopped by Steve Mason without a rebound.
4:49 of 2nd period - Sam Bennett wins face-off versus Jordan Nolan in Flyers zone.
4:56 of 2nd period - Slapshot by Nathan Beaulieu.
4:56 of 2nd period - Deflect By Victor Hedman.
4:56 of 2nd period - Goal by Nathan Beaulieu - Flyers : 2 - Lightning : 2.
4:57 of 2nd period - Jordan Nolan wins face-off versus Mark Scheifele in neutral zone.
5:56 of 2nd period - Victor Hedman is hit by Jacob Trouba.
6:16 of 2nd period - Snap shot by Travis Zajac.
6:16 of 2nd period - Shot Misses the Net.
6:20 of 2nd period - Slapshot by Niclas Bergfors.
6:20 of 2nd period - Shot Misses the Net.
6:30 of 2nd period - Wrist shot by Brock Boeser.
6:30 of 2nd period - Shot Misses the Net.
6:38 of 2nd period - Nathan Beaulieu is hit by Brock Boeser and loses puck.
6:53 of 2nd period - Slapshot by Jeff Carter.
6:53 of 2nd period - Shot Misses the Net.
6:55 of 2nd period - Snap shot by Brian Lashoff.
6:55 of 2nd period - Stopped by Alex Nedeljkovic without a rebound.
6:56 of 2nd period - Antoine Vermette wins face-off versus Jeff Carter in Lightning zone.
7:03 of 2nd period - Snap shot by Jesper Fast.
7:03 of 2nd period - Shot Misses the Net.
7:05 of 2nd period - Wrist shot by Ondrej Palat.
7:05 of 2nd period - Shot Blocked by Jeff Carter.
7:07 of 2nd period - Slapshot by John Carlson.
7:07 of 2nd period - Shot Blocked by Jacob Trouba.
7:21 of 2nd period - Snap shot by Ondrej Palat.
7:21 of 2nd period - Shot Misses the Net.
7:23 of 2nd period - Slapshot by Antoine Vermette.
7:23 of 2nd period - Stopped by Steve Mason with a rebound.
7:31 of 2nd period - Snap shot by Jesper Fast.
7:31 of 2nd period - Stopped by Steve Mason without a rebound.
7:32 of 2nd period - Mark Scheifele wins face-off versus Jordan Nolan in Flyers zone.
7:59 of 2nd period - Jonathan Ericsson is hit by Jiri Fischer and loses puck.
8:48 of 2nd period - Snap shot by Travis Konecny.
8:48 of 2nd period - Stopped by Alex Nedeljkovic with a rebound.
8:50 of 2nd period - Slapshot by Travis Konecny.
8:50 of 2nd period - Deflect By Drew Miller.
8:50 of 2nd period - Shot Misses the Net.
8:50 of 2nd period - Puck is out of play.
8:51 of 2nd period - Mark Scheifele wins face-off versus Jordan Nolan in Lightning zone.
9:02 of 2nd period - Snap shot by Kasperi Kapanen.
9:02 of 2nd period - Shot Misses the Net.
9:18 of 2nd period - Travis Konecny is hit by Brent Seabrook.
9:42 of 2nd period - Off-side.
9:43 of 2nd period - Antoine Vermette wins face-off versus Calle Jarnkrok in neutral zone.
10:34 of 2nd period - Victor Hedman is hit by Brock Nelson and loses puck.
10:56 of 2nd period - Snap shot by Marcus Kruger.
10:56 of 2nd period - Goal by Marcus Kruger - Flyers : 3 - Lightning : 2.
10:57 of 2nd period - Jordan Nolan wins face-off versus Mark Scheifele in neutral zone.
11:08 of 2nd period - Max Pacioretty is hit by J.T. Miller and loses puck.
11:23 of 2nd period - Brock Boeser is hit by Travis Zajac and loses puck.
11:29 of 2nd period - Off-side.
11:30 of 2nd period - Travis Zajac wins face-off versus Yanni Gourde in neutral zone.
11:39 of 2nd period - Snap shot by Travis Zajac.
11:39 of 2nd period - Stopped by Alex Nedeljkovic with a rebound.
11:41 of 2nd period - Slapshot by Ivan Provorov.
11:41 of 2nd period - Stopped by Alex Nedeljkovic without a rebound.
11:42 of 2nd period - Jordan Nolan wins face-off versus Mark Scheifele in Lightning zone.
11:59 of 2nd period - J.T. Miller is hit by John Carlson and loses puck.
12:10 of 2nd period - Slapshot by Tyler Kennedy.
12:10 of 2nd period - Shot Blocked by Jonathan Ericsson.
12:12 of 2nd period - Slapshot by John Carlson.
12:12 of 2nd period - Shot Misses the Net.
12:14 of 2nd period - Wrist shot by Tyler Kennedy.
12:14 of 2nd period - Stopped by Steve Mason with a rebound.
12:16 of 2nd period - Snap shot by Jimmy Vesey.
12:16 of 2nd period - Stopped by Steve Mason with a rebound.
13:00 of 2nd period - Snap shot by Travis Zajac.
13:00 of 2nd period - Stopped by Alex Nedeljkovic with a rebound.
13:02 of 2nd period - Slapshot by Chris Mcallister.
13:02 of 2nd period - Goal by Chris Mcallister - Flyers : 4 - Lightning : 2.
13:03 of 2nd period - Mark Scheifele wins face-off versus Jeff Carter in neutral zone.
13:08 of 2nd period - Snap shot by Mark Scheifele.
13:08 of 2nd period - Shot Misses the Net.
14:36 of 2nd period - Off-side.
14:37 of 2nd period - Antoine Vermette wins face-off versus Jeff Carter in neutral zone.
14:50 of 2nd period - Snap shot by Ondrej Palat.
14:50 of 2nd period - Stopped by Steve Mason without a rebound.
14:51 of 2nd period - Mark Scheifele wins face-off versus Jakub Voracek in Flyers zone.
14:52 of 2nd period - Slapshot by John Carlson.
14:52 of 2nd period - Deflect By Kasperi Kapanen.
14:52 of 2nd period - Shot Blocked by Ivan Provorov.
14:52 of 2nd period - Puck is out of play.
14:53 of 2nd period - Jordan Nolan wins face-off versus Mark Scheifele in Flyers zone.
15:02 of 2nd period - Snap shot by J.T. Miller.
15:02 of 2nd period - Shot Misses the Net.
15:20 of 2nd period - Wrist shot by Jimmy Vesey.
15:20 of 2nd period - Stopped by Steve Mason with a rebound.
15:51 of 2nd period - Snap shot by Ondrej Palat.
15:51 of 2nd period - Stopped by Steve Mason with a rebound.
15:53 of 2nd period - Slapshot by Victor Hedman.
15:53 of 2nd period - Shot Misses the Net.
15:55 of 2nd period - Slapshot by Jiri Fischer.
15:55 of 2nd period - Stopped by Steve Mason without a rebound.
15:56 of 2nd period - Jeff Carter wins face-off versus Mark Scheifele in Flyers zone.
16:23 of 2nd period - Brendan Lemieux is hit by Brock Nelson and loses puck.
16:54 of 2nd period - Slapshot by Ondrej Palat.
16:54 of 2nd period - Shot Misses the Net.
17:31 of 2nd period - Slapshot by Max Pacioretty.
17:31 of 2nd period - Shot Blocked by Marcus Kruger.
17:33 of 2nd period - Snap shot by Kasperi Kapanen.
17:33 of 2nd period - Shot Blocked by Brock Nelson.
19:08 of 2nd period - Slapshot by John Carlson.
19:08 of 2nd period - Deflect By Brock Nelson.
19:08 of 2nd period - Stopped by Steve Mason with a rebound.
19:14 of 2nd period - Wrist shot by Yanni Gourde.
19:14 of 2nd period - Stopped by Steve Mason with a rebound.
19:16 of 2nd period - Snap shot by Brendan Lemieux.
19:16 of 2nd period - Goal by Brendan Lemieux - Flyers : 4 - Lightning : 3.
19:17 of 2nd period - Mark Scheifele wins face-off versus Jordan Nolan in neutral zone.
19:28 of 2nd period - Snap shot by Max Pacioretty.
19:28 of 2nd period - Stopped by Steve Mason without a rebound.
19:29 of 2nd period - Mark Scheifele wins face-off versus Jordan Nolan in Flyers zone.
19:38 of 2nd period - Slapshot by J.T. Miller.
19:38 of 2nd period - Shot Blocked by Max Pacioretty.
19:40 of 2nd period - Slapshot by Jordan Nolan.
19:40 of 2nd period - Goal by Jordan Nolan - Flyers : 5 - Lightning : 3.
19:41 of 2nd period - Mark Scheifele wins face-off versus Jordan Nolan in neutral zone.
Goals for this period are 4 for Flyers vs 1 for Lightning.
Shots for this period are 9 for Flyers vs 15 for Lightning.
3rd period
0:01 of 3rd period - Jordan Nolan wins face-off versus Mark Scheifele in neutral zone.
1:52 of 3rd period - Drew Miller is hit by Brendan Lemieux and loses puck.
1:59 of 3rd period - Snap shot by Yanni Gourde.
1:59 of 3rd period - Shot Blocked by Drew Miller.
2:01 of 3rd period - Snap shot by Yanni Gourde.
2:01 of 3rd period - Shot Blocked by Drew Miller.
2:31 of 3rd period - Minor Penalty to Ondrej Palat for Interference.
2:32 of 3rd period - Mark Scheifele wins face-off versus Jordan Nolan in Lightning zone.
4:31 of 3rd period - Penalty to Ondrej Palat is over, Ondrej Palat is back on ice.
4:53 of 3rd period - Victor Hedman is hit by Niclas Bergfors and loses puck.
5:02 of 3rd period - Minor Penalty to Travis Zajac for Holding.
5:03 of 3rd period - Mark Scheifele wins face-off versus Calle Jarnkrok in Flyers zone.
5:06 of 3rd period - Snap shot by Kasperi Kapanen.
5:06 of 3rd period - Shot Misses the Net.
5:08 of 3rd period - Wrist shot by Mark Scheifele.
5:08 of 3rd period - Shot Misses the Net.
5:10 of 3rd period - Snap shot by Max Pacioretty.
5:10 of 3rd period - Deflect By Mark Scheifele.
5:10 of 3rd period - Shot Blocked by Jonathan Ericsson.
5:10 of 3rd period - Puck is out of play.
5:11 of 3rd period - Calle Jarnkrok wins face-off versus Kasperi Kapanen in Flyers zone.
5:20 of 3rd period - Slapshot by John Carlson.
5:20 of 3rd period - Stopped by Steve Mason with a rebound.
5:36 of 3rd period - Snap shot by John Carlson.
5:36 of 3rd period - Goal by John Carlson - Flyers : 5 - Lightning : 4.
5:37 of 3rd period - Mark Scheifele wins face-off versus Jordan Nolan in neutral zone.
6:09 of 3rd period - Slapshot by Jiri Fischer.
6:09 of 3rd period - Stopped by Steve Mason without a rebound.
6:10 of 3rd period - Yanni Gourde wins face-off versus Jeff Carter in Flyers zone.
6:41 of 3rd period - Minor Penalty to Max Pacioretty for Hooking.
6:42 of 3rd period - Mark Scheifele wins face-off versus Jordan Nolan in Lightning zone.
6:59 of 3rd period - Off-side.
7:00 of 3rd period - Mark Scheifele wins face-off versus Jeff Carter in neutral zone.
8:41 of 3rd period - Penalty to Max Pacioretty is over, Max Pacioretty is back on ice.
9:15 of 3rd period - Slapshot by Jakub Voracek.
9:15 of 3rd period - Stopped by Alex Nedeljkovic without a rebound.
9:16 of 3rd period - Calle Jarnkrok wins face-off versus Antoine Vermette in Lightning zone.
9:31 of 3rd period - Slapshot by Antoine Vermette.
9:31 of 3rd period - Shot Misses the Net.
9:43 of 3rd period - Slapshot by Tyler Kennedy.
9:43 of 3rd period - Shot Misses the Net.
9:45 of 3rd period - Wrist shot by Sam Bennett.
9:45 of 3rd period - Shot Blocked by Calle Jarnkrok.
10:06 of 3rd period - Off-side.
10:07 of 3rd period - Yanni Gourde wins face-off versus Jeff Carter in neutral zone.
10:11 of 3rd period - Icing by Jonathan Ericsson.
10:12 of 3rd period - Mark Scheifele wins face-off versus Jeff Carter in Flyers zone.
10:26 of 3rd period - Off-side.
10:27 of 3rd period - Brendan Lemieux wins face-off versus Jakub Voracek in neutral zone.
10:40 of 3rd period - Snap shot by Brock Boeser.
10:40 of 3rd period - Shot Misses the Net.
11:14 of 3rd period - Max Pacioretty is hit by Travis Konecny and loses puck.
11:19 of 3rd period - Wrist shot by Drew Miller.
11:19 of 3rd period - Stopped by Alex Nedeljkovic without a rebound.
11:20 of 3rd period - Mark Scheifele wins face-off versus Jeff Carter in Lightning zone.
12:12 of 3rd period - Jiri Fischer is hit by Travis Zajac and loses puck.
12:27 of 3rd period - Jordan Nolan is hit by Victor Hedman and loses puck.
12:50 of 3rd period - Snap shot by Mark Scheifele.
12:50 of 3rd period - Stopped by Steve Mason without a rebound.
12:51 of 3rd period - Mark Scheifele wins face-off versus Jeff Carter in Flyers zone.
12:52 of 3rd period - Wrist shot by Max Pacioretty.
12:52 of 3rd period - Stopped by Steve Mason with a rebound.
13:00 of 3rd period - Drew Miller is hit by Max Pacioretty and loses puck.
13:13 of 3rd period - Minor Penalty to Max Pacioretty for Hooking.
13:14 of 3rd period - Mark Scheifele wins face-off versus Jordan Nolan in Lightning zone.
13:27 of 3rd period - Wrist shot by Jordan Nolan.
13:27 of 3rd period - Stopped by Alex Nedeljkovic without a rebound.
13:28 of 3rd period - Mark Scheifele wins face-off versus Jordan Nolan in Lightning zone.
13:41 of 3rd period - Snap shot by Jordan Nolan.
13:41 of 3rd period - Deflect By J.T. Miller.
13:41 of 3rd period - Stopped by Alex Nedeljkovic with a rebound.
13:43 of 3rd period - Slapshot by Jacob Trouba.
13:43 of 3rd period - Stopped by Alex Nedeljkovic without a rebound.
13:44 of 3rd period - Jordan Nolan wins face-off versus Mark Scheifele in Lightning zone.
15:13 of 3rd period - Penalty to Max Pacioretty is over, Max Pacioretty is back on ice.
15:22 of 3rd period - Slapshot by Yanni Gourde.
15:22 of 3rd period - Shot Misses the Net.
15:24 of 3rd period - Snap shot by Yanni Gourde.
15:24 of 3rd period - Shot Misses the Net.
15:36 of 3rd period - Wrist shot by Mark Scheifele.
15:36 of 3rd period - Stopped by Steve Mason without a rebound.
15:37 of 3rd period - Mark Scheifele wins face-off versus Jeff Carter in Flyers zone.
15:38 of 3rd period - Wrist shot by Kasperi Kapanen.
15:38 of 3rd period - Shot Misses the Net.
15:40 of 3rd period - Slapshot by Nikita Tryamkin.
15:40 of 3rd period - Stopped by Steve Mason without a rebound.
15:41 of 3rd period - Sam Bennett wins face-off versus Jeff Carter in Flyers zone.
15:42 of 3rd period - Snap shot by Tyler Kennedy.
15:42 of 3rd period - Shot Blocked by Ivan Provorov.
15:48 of 3rd period - Slapshot by Ivan Provorov.
15:48 of 3rd period - Deflect By Jimmy Vesey.
15:48 of 3rd period - Stopped by Alex Nedeljkovic with a rebound.
15:50 of 3rd period - Wrist shot by Travis Konecny.
15:50 of 3rd period - Stopped by Alex Nedeljkovic without a rebound.
15:51 of 3rd period - Sam Bennett wins face-off versus Calle Jarnkrok in Lightning zone.
16:59 of 3rd period - Travis Konecny is hit by Victor Hedman and loses puck.
17:14 of 3rd period - Slapshot by Yanni Gourde.
17:14 of 3rd period - Shot Misses the Net.
17:52 of 3rd period - Snap shot by Yanni Gourde.
17:52 of 3rd period - Deflect By Brock Boeser.
17:52 of 3rd period - Goal by Brock Boeser - Flyers : 5 - Lightning : 5.
17:53 of 3rd period - Sam Bennett wins face-off versus Calle Jarnkrok in neutral zone.
17:56 of 3rd period - Slapshot by John Carlson.
17:56 of 3rd period - Shot Blocked by Ivan Provorov.
18:18 of 3rd period - Max Pacioretty is hit by Jordan Nolan and loses puck.
18:25 of 3rd period - Wrist shot by J.T. Miller.
18:25 of 3rd period - Stopped by Alex Nedeljkovic with a rebound.
18:50 of 3rd period - Drew Miller is hit by Brendan Lemieux and loses puck.
19:20 of 3rd period - Jiri Fischer is hit by Marcus Kruger and loses puck.
19:27 of 3rd period - Wrist shot by Brock Nelson.
19:27 of 3rd period - Shot Misses the Net.
19:29 of 3rd period - Slapshot by Brian Lashoff.
19:29 of 3rd period - Stopped by Alex Nedeljkovic without a rebound.
19:30 of 3rd period - Brock Nelson wins face-off versus Mark Scheifele in Lightning zone.
19:51 of 3rd period - Slapshot by Jesper Fast.
19:51 of 3rd period - Stopped by Steve Mason without a rebound.
19:52 of 3rd period - Jordan Nolan wins face-off versus Tyler Kennedy in Flyers zone.
19:52 of 3rd period - Jordan Nolan is hit by Ondrej Palat.
Goals for this period are 0 for Flyers vs 2 for Lightning.
Shots for this period are 9 for Flyers vs 9 for Lightning.
Overtime #1
0:01 of 1st overtime period - Jordan Nolan wins face-off versus Mark Scheifele in neutral zone.
0:44 of 1st overtime period - Icing by Jacob Trouba.
0:45 of 1st overtime period - Jeff Carter wins face-off versus Yanni Gourde in Flyers zone.
0:52 of 1st overtime period - Wrist shot by Jeff Carter.
0:52 of 1st overtime period - Shot Blocked by Kasperi Kapanen.
0:56 of 1st overtime period - Snap shot by Jakub Voracek.
0:56 of 1st overtime period - Deflect By Jeff Carter.
0:56 of 1st overtime period - Shot Misses the Net.
0:56 of 1st overtime period - Puck is out of play.
0:57 of 1st overtime period - Jordan Nolan wins face-off versus Mark Scheifele in Lightning zone.
1:38 of 1st overtime period - Wrist shot by Kasperi Kapanen.
1:38 of 1st overtime period - Goal by Kasperi Kapanen - Flyers : 5 - Lightning : 6.
Goals for this period are 0 for Flyers vs 1 for Lightning.
Shots for this period are 0 for Flyers vs 1 for Lightning.